AoeStats
← La Cobra

Arabia

509159565Analyzed
2v2 RM · 6d ago on Sep 25, 2026· 19m 12s· 4 players
Game mode
Random Map
Map size
Medium (4 player)
Population
200
Speed
Normal
Resources
Standard
Victory
Conquest
Starting age
Dark Age
Ending age
Imperial Age
RankedLock teamsTeams togetherTeam positionsShared explorationLock speedFull tech treeHidden civsTurbo modeCheats
Victory
Defeat
🇨🇱 Saracens · Chile
1125
+15
🇪🇸 Romans · Spain
1053
+18
🇫🇷 Bohemians · France
1183
-21
🇫🇷 Ethiopians · France
1000
-38
Smiley
5:10 Loom
11:39 Feudal Age
13:18 Double-Bit Axe
aymericarlier
8:15 Loom
10:39 Feudal Age
11:35 Double-Bit Axe
17:18 Horse Collar
zualoi
5:21 Loom
13:33 Feudal Age
13:39 Man-at-Arms
14:14 Double-Bit Axe
15:33 Town Watch
17:23 Scale Mail Armor
18:19 Horse Collar
La Cobra
8:28 Loom
11:33 Feudal Age
13:17 Fletching
17:50 Padded Archer Armor
Connection lost

Rejoining the realm…

Still unreachable

The connection could not be restored.

Session expired

The server has moved on; the page needs a fresh start.